 Dungeon Crawl Stone Soup version 0.30.1-11-g7821555f0a (webtiles) character file.

Game seed: 8500511480632953006

25942 Nonny the Eclecticist (level 12, 0/92 HPs)
             Began as a Mummy Necromancer on Oct 30, 2023.
             Was a High Priest of Kikubaaqudgha.
             Slain by a blink frog (10 damage)
             ... on level 1 of the Lair of Beasts.
             The game lasted 01:07:34 (15037 turns).

Nonny the Eclecticist (Mummy Necromancer)          Turns: 15037, Time: 01:07:35

Health: 0/92       AC:  9    Str: 12    XL:     12   Next: 93%
Magic:  0/32       EV: 13    Int: 18    God:    Kikubaaqudgha [*****.]
Gold:   1170       SH:  9    Dex: 13    Spells: 18/43 levels left

rFire   x . .        D - +2 short sword (venom)
rCold   + . .        i - +0 buckler
rNeg    + + +        y - +0 steam dragon scales
rPois   ∞            x - +1 hat
rElec   .            (no cloak)
rCorr   +            (no gloves)
SInv    .            A - +2 pair of boots
Will    +....        b - amulet of reflection
Stlth   ++           e - ring of wizardry
HPRegen 0.35/turn    d - ring of resist corrosion
MPRegen 0.23/turn

%: reflection, faith, wizardry (x1)
@: very slightly contaminated
A: cold resistance 1, negative energy resistance 3, torment resistance 2, heat
vulnerability 1, in touch with death 1, no potions, faith
a: Renounce Religion, Unearth Wretches, Torment


You were on level 1 of the Lair of Beasts.
You worshipped Kikubaaqudgha.
Kikubaaqudgha was extremely pleased with you.
You visited 4 branches of the dungeon, and saw 16 of its levels.

You collected 1254 gold pieces.
You spent 84 gold pieces at shops.

Inventory:

Hand Weapons
 k - a +3 dagger
 D - a +2 short sword of venom (weapon)
Missiles
 m - 4 throwing nets
 n - 42 poisoned darts
 E - 10 curare-tipped darts
Armour
 g - a +0 leather armour of willpower
 i - a +0 buckler (worn)
 t - a +0 kite shield
 x - a +1 hat (worn)
 y - +0 steam dragon scales (worn)
 z - a +1 robe of willpower
 A - a +2 pair of boots (worn)
 C - +0 acid dragon scales
Magical Staves
 p - a staff of poison
Jewellery
 a - a +4 ring of protection
 b - an amulet of reflection (around neck)
 d - a ring of resist corrosion (right hand)
 e - a ring of wizardry (left hand)
 f - a ring of ice
 I - a +4 ring of protection
 J - a +4 ring of protection
Wands
 h - a wand of digging (8)
 v - a wand of flame (28)
 G - a wand of mindburst (7)
 H - a wand of iceblast (3)
 K - a wand of acid (4)
Scrolls
 c - 11 scrolls of teleportation
 j - 2 scrolls of acquirement {unknown}
 l - a scroll of enchant weapon
 o - a scroll of fog
 q - 2 scrolls of poison
 r - 2 scrolls of magic mapping
 s - 2 scrolls of fear
 u - a scroll of amnesia {unknown}
 w - 2 scrolls of noise
 B - a scroll of silence {unknown}
 F - a scroll of vulnerability {unknown}


   Skills:
 + Level 7.7 Fighting
 - Level 2.0 Staves
 - Level 2.0 Armour
 + Level 4.6 Dodging
 - Level 1.5 Stealth
 - Level 3.0 Shields
 - Level 16.0 Spellcasting
 - Level 4.0 Summonings
 - Level 9.0 Necromancy
 * Level 6.9 Ice Magic
 - Level 5.0 Earth Magic


You had 18 spell levels left.
You knew the following spells:

 Your Spells              Type           Power      Damage    Failure   Level
a - Necrotise             Necr           100%       1d9       1%          1
b - Vampiric Draining     Necr           63%        2d10      1%          3
c - Animate Dead          Necr           63%        N/A       1%          4
d - Call Canine Familiar  Summ           28%        N/A       1%          3
e - Borgnjor's Vile Clut  Necr/Erth      28%        N/A       3%          5
f - Summon Guardian Gole  Hex/Summ       21%        N/A       3%          3
g - Simulacrum            Ice/Necr       29%        N/A       14%         6

Your spell library contained the following spells:

 Spells                   Type           Power      Damage    Failure   Level
 Kiss of Death            Conj/Necr      100%       2d13      1%          1
 Summon Small Mammal      Summ           100%       N/A       1%          1
 Ensorcelled Hibernation  Hex/Ice        52%        N/A       1%          2
 Passwall                 Tmut/Erth      19%        N/A       1%          2
 Dispel Undead            Necr           63%        3d22      1%          4
 Agony                    Necr           63%        N/A       1%          5
 Lesser Beckoning         Tloc           28%        N/A       3%          2
 Anguish                  Hex/Necr       23%        N/A       3%          4
 Gell's Gravitas          Tloc           14%        N/A       7%          3
 Swiftness                Air            14%        N/A       7%          3
 Teleport Other           Tloc           14%        N/A       7%          3
 Cause Fear               Hex            7%         N/A       22%         4
 Dragon's Call            Summ           14%        N/A       100%        9
 Dragon Form              Tmut           Unusable   N/A       N/A         7

Dungeon Overview and Level Annotations

Branches:
Dungeon (12/15)            Temple (1/1) D:5            Lair (1/5) D:10
    Orc (2/2) D:12            Elf (0/3) Orc:2

Altars:
Ashenzari
Cheibriados
Dithmenos
Fedhas
Gozag
Hepliaklqana
Kikubaaqudgha
Makhleb
Nemelex Xobeh
Okawaru
Qazlal
Ru
Sif Muna
Trog
Uskayaw
Vehumet
Wu Jian
Xom
Yredelemnul

Shops:
D:3 (   D:4 *   Orc:1 ((

Portals:
Abyss: D:11

Annotations:
D:4 Duvessa
D:11 2 transporters, fireball365's ghost, journeyman MiFi
Lair:1 Hydra by entrance!
Orc:2 Nessos!, Nessos


Innate Abilities, Weirdness & Mutations

You are immune to poison.
Your flesh is cold resistant. (rC+)
You are immune to negative energy. (rN+++)
You are immune to unholy pain and torment.
You are vulnerable to heat. (rF-)
You are in touch with the powers of death.
You do not drink.
You have a special connection with the divine. (Faith)


Message History

The blink frog hits you.
* * * LOW HITPOINT WARNING * * *
Your yak zombie closely misses the blink frog.
Your yak zombie completely misses the blink frog.
Unknown command.
Unknown command.
The blink frog blinks!
The blink frog hits your yak zombie!
Your yak zombie is destroyed!
Unknown command.
Your yak zombie gores the blink frog.
The blink frog dies!
Kikubaaqudgha accepts your kill.
Unknown command.
You miss the blink frog.
The blink frog is moderately wounded.
The blink frog hits you.
* * * LOW HITPOINT WARNING * * *
The blink frog blinks!
The blink frog misses you.
Unknown command.
Unknown command.
Unknown command.
Casting: Vampiric Draining (safe; 1% risk of failure)
Confirm with . or Enter, or press ? or * to list all spells.
Aiming: Vampiric Draining (safe; 1% risk of failure)
Press: ? - help, Shift-Dir - straight line, f - blink frog
Aim: a blink frog (moderately wounded)
You feel a surge of power!
You draw life force from the blink frog!
You feel life coursing into your body.
The blink frog hits you but does no damage.
Unknown command.
Unknown command.
Unknown command.
You barely miss the blink frog.
The blink frog is severely wounded.
The blink frog hits you!
* * * LOW HITPOINT WARNING * * *
The blink frog hits you!
You die...
Kikubaaqudgha rasps: "You have failed me!
Welcome... oblivion!"

### ##~♣♣## #P~~P~##
##♣~~~~♣P# ### ###
#~♣P~~~P♣♣######.#####
#..###P.~PPP♣#...........# #
............#...#.#.####.#
....##..†..ZF@...#####.##..#
....).....................Z#
..#.##..##.#####)########.Z###
#..##..# #.# #..... #..##.P#
#.# ##.... ...##.## #.#
#######...# .....#.#
#.###.......#.. #.#..##.#
##.##..#.......# ##...####
#...##.#.....÷##


You could see a blink frog (ally target) and a friendly yak zombie.

Vanquished Creatures
  A hydra (Lair:1)
  A boulder beetle (D:12)
  3 two-headed ogres
  Sonja (D:11)
  A soul eater (D:10)
  3 skeletal warriors (D:11)
  A cyclops (D:12)
  2 orc sorcerers
  Maggie (D:7)
  A cane toad (Lair:1)
  2 unseen horrors
  A komodo dragon (Lair:1)
  An ice devil (D:10)
  A troll (D:12)
  Prince Ribbit (D:8)
  A dream sheep (Lair:1)
  A hornet (D:7)
  3 blink frogs (Lair:1)
  Sigmund (D:4)
  A vampire (D:12)
  A shadow (D:9)
  A wyvern (D:9)
  19 yaks
  A vampire mosquito (D:12)
  A warg (Orc:2)
  3 acid dragons
  3 water moccasins
  7 orc warriors
  A black bear (D:6)
  A sky beast (D:7)
  5 wolves (Lair:1)
  2 centaurs
  4 ogres
  A kobold brigand (D:8)
  A gnoll sergeant (D:6)
  9 bullfrogs
  2 scorpions
  2 wights (D:8)
  2 electric eels (Lair:1)
  4 howler monkeys
  A quasit (D:10)
  2 jellies
  7 orc priests
  A gnoll bouda (D:9)
  6 hounds
  A sleepcap (D:6)
  2 iguanas (D:5)
  Natasha (thrice) (D:4)
  11 orc wizards
  4 gnolls
  8 adders
  A shadow imp (D:5)
  A worm (D:3)
  2 dart slugs
  30 orcs
  2 ball pythons
  5 endoplasms
  2 giant cockroaches
  3 goblins
  7 hobgoblins
  8 jackals
  15 kobolds
  A quokka (D:3)
  9 bats
  4 frilled lizards
  4 rats
  A butterfly (Lair:1)
239 creatures vanquished.

Vanquished Creatures (collateral kills)
  A cyclops (D:12)
  3 cane toads (Lair:1)
  A komodo dragon (Lair:1)
  A polar bear (Lair:1)
  A dream sheep (Lair:1)
  4 blink frogs (Lair:1)
  2 slime creatures (D:12)
  A shadow (D:11)
  A wraith (D:12)
  12 yaks
  A basilisk (Lair:1)
  Grum (Lair:1)
  2 vampire mosquitoes (D:12)
  A warg (Orc:2)
  A water moccasin (Lair:1)
  An ice beast (D:8)
  An orc warrior (D:8)
  12 wolves (Lair:1)
  2 kobold brigands
  A scorpion (D:7)
  A wight (D:8)
  A howler monkey (D:7)
  A gnoll bouda (Lair:1)
  A jelly (D:7)
  An orc priest (D:11)
  3 orc wizards
  4 gnolls
  A white imp (D:5)
  2 ufetubi
  13 orcs
  A kobold (D:7)
  A bat (D:1)
  A butterfly (Lair:1)
81 creatures vanquished.

Vanquished Creatures (others)
  An unseen horror zombie (D:11)
  A hydra zombie (Lair:1)
  2 slime creatures (D:12)
  4 slime creature zombies (D:12)
  A yak (D:11)
  A cane toad zombie (Lair:1)
  An acid dragon (D:11)
  A hornet zombie (D:7)
  A human zombie (D:8)
  A komodo dragon zombie (Lair:1)
  A water moccasin zombie (Lair:1)
  12 yak zombies
  4 wolf zombies (Lair:1)
  A basilisk zombie (Lair:1)
  3 bullfrog zombies
  An ogre zombie (Orc:2)
  A hound zombie (D:7)
  A howler monkey zombie (D:9)
  A gnoll zombie (Lair:1)
  2 jelly zombies
  9 kobold zombies
  16 orc zombies
66 creatures vanquished.

Grand Total: 386 creatures vanquished

Notes
Turn   | Place    | Note
-------+----------+-------------------------------------------
     0 | D:1      | Nonny the Mummy Necromancer began the quest for the Orb.
     0 | D:1      | Reached XP level 1. HP: 13/13 MP: 4/4
   157 | D:1      | Reached XP level 2. HP: 19/19 MP: 2/5
   955 | D:2      | Gained mutation: You are in touch with the powers of death.
                  | [Mummy growth]
   955 | D:2      | Reached XP level 3. HP: 23/24 MP: 4/7
   959 | D:2      | Reached skill level 5 in Necromancy
   963 | D:2      | Learned a level 3 spell: Vampiric Draining
  1136 | D:2      | Found a faded altar of an unknown god.
  1144 | D:2      | Prayed at the altar of an unknown god.
  1144 | D:2      | Became a worshipper of Kikubaaqudgha
  1144 | D:2      | Reached * piety under Kikubaaqudgha
  1144 | D:2      | Received a gift from Kikubaaqudgha
  1274 | D:2      | Found a broken altar of Ashenzari.
  1533 | D:3      | Found Fafifit's Weapon Shoppe.
  1855 | D:3      | Reached XP level 4. HP: 30/30 MP: 5/8
  2083 | D:3      | Reached skill level 1 in Armour
  2088 | D:3      | Learned a level 4 spell: Animate Dead
  2284 | D:4      | Noticed Sigmund
  2293 | D:5      | Entered Level 5 of the Dungeon
  2313 | D:5      | Reached XP level 5. HP: 32/35 MP: 6/9
  2328 | D:5      | Reached ** piety under Kikubaaqudgha
  2375 | D:5      | Noticed a centaur
  2384 | D:5      | Killed a centaur
  2385 | D:5      | Reached XP level 6. HP: 34/41 MP: 5/10
  2468 | D:5      | Found a hide-covered altar of Uskayaw.
  2868 | D:5      | Reached skill level 1 in Shields
  2905 | D:5      | Reached XP level 7. HP: 21/46 MP: 0/11
  3050 | D:5      | Found a staircase to the Ecumenical Temple.
  3125 | D:4      | Noticed Natasha
  3142 | D:4      | Killed Natasha
  3147 | D:4      | Found Zin's Purification Station.
  3203 | D:4      | Noticed Natasha
  3206 | D:4      | Killed Natasha
  3206 | D:4      | Noticed Natasha
  3213 | D:4      | Killed Natasha
  3251 | D:4      | Killed Sigmund
  3335 | D:4      | Noticed Duvessa
  3405 | D:6      | staff of poison
  3412 | D:6      | Learned a level 3 spell: Call Canine Familiar
  3457 | D:6      | Reached skill level 1 in Summonings
  3473 | D:6      | Reached XP level 8. HP: 51/52 MP: 0/12
  3770 | D:6      | Reached *** piety under Kikubaaqudgha
  3770 | D:6      | Received a gift from Kikubaaqudgha
  4424 | Temple   | Entered the Ecumenical Temple
  4496 | Temple   | Temple: six-pointed star
  4583 | D:7      | Noticed Maggie
  4723 | D:7      | Reached skill level 1 in Staves
  4774 | D:7      | Reached skill level 3 in Spellcasting
  5014 | D:7      | Reached skill level 4 in Spellcasting
  5182 | D:7      | Reached skill level 1 in Fighting
  5184 | D:7      | Reached skill level 5 in Spellcasting
  5193 | D:7      | Learned a level 5 spell: Borgnjor's Vile Clutch
  5301 | D:7      | Noticed a hornet
  5312 | D:7      | Killed a hornet
  5313 | D:7      | Reached XP level 9. HP: 47/59 MP: 8/17
  5317 | D:7      | Found a hazy altar of Hepliaklqana.
  5325 | D:7      | Reached skill level 6 in Spellcasting
  5625 | D:7      | Killed Maggie
  5626 | D:7      | Reached skill level 7 in Spellcasting
  6370 | D:8      | Noticed Prince Ribbit
  6376 | D:8      | Reached skill level 8 in Spellcasting
  6379 | D:8      | Killed Prince Ribbit
  6380 | D:8      | Reached skill level 1 in Earth Magic
  6717 | D:8      | Your ally Prince Ribbit died
  6769 | D:8      | Reached skill level 9 in Spellcasting
  6863 | D:8      | +2 boots in northwest
  7762 | D:8      | Noticed a skeletal warrior
  7819 | D:9      | Found a blossoming altar of Fedhas.
  7827 | D:9      | Learned a level 3 spell: Summon Guardian Golem
  7872 | D:9      | Reached skill level 10 in Spellcasting
  7881 | D:9      | Reached **** piety under Kikubaaqudgha
  7882 | D:9      | Reached XP level 10. HP: 70/70 MP: 1/24
  7931 | D:9      | Noticed a two-headed ogre
  8173 | D:9      | Reached skill level 11 in Spellcasting
  8210 | D:9      | You fall into a shaft and drop 2 floors!
  8324 | D:11     | Noticed Sonja
  8332 | D:11     | Killed Sonja
  8349 | D:11     | Learned a level 6 spell: Simulacrum
  8473 | D:11     | Noticed a two-headed ogre
  8484 | D:11     | Reached skill level 12 in Spellcasting
  8485 | D:11     | Your ally Sonja died
  8523 | D:10     | Entered Level 10 of the Dungeon
  8677 | D:10     | Noticed a sun demon
  8692 | D:10     | Noticed a two-headed ogre
  8736 | D:10     | Found an ornate altar of the Wu Jian Council.
  8736 | D:10     | Found a basalt altar of Yredelemnul.
  8736 | D:10     | Found a shadowy altar of Dithmenos.
  8736 | D:10     | Found an opulent altar of Gozag.
  8763 | D:10     | Lugonu-corrupted floor.
  9899 | D:10     | Found a staircase to the Lair.
  9931 | D:10     | Noticed a soul eater
  9931 | D:10     | Noticed a smoke demon
  9986 | D:10     | Killed a soul eater
  9987 | D:10     | Reached skill level 13 in Spellcasting
  9987 | D:10     | Reached XP level 11. HP: 77/77 MP: 15/28
 10184 | Lair:1   | Entered Level 1 of the Lair of Beasts
 10186 | Lair:1   | Reached ***** piety under Kikubaaqudgha
 10191 | Lair:1   | Noticed an eight-headed hydra
 10201 | D:10     | Reached skill level 5 in Earth Magic
 10481 | D:11     | Found a transporter.
 10484 | D:11     | Found a transporter.
 10645 | D:10     | Noticed a two-headed ogre
 10655 | D:10     | Killed a two-headed ogre
 10656 | D:10     | Reached skill level 1 in Ice Magic
 10899 | D:11     | Found a one-way gate to the infinite horrors of the Abyss.
 10899 | D:11     | Noticed fireball365's ghost (journeyman MiFi)
 10961 | D:11     | Noticed a two-headed ogre
 10966 | D:11     | Killed a two-headed ogre
 10967 | D:11     | Reached skill level 14 in Spellcasting
 10986 | D:11     | Killed a two-headed ogre
 11108 | D:11     | Noticed a skeletal warrior
 11109 | D:11     | Noticed a skeletal warrior
 11120 | D:11     | Killed a skeletal warrior
 11129 | D:11     | Killed a skeletal warrior
 11230 | D:11     | Noticed a skeletal warrior
 11239 | D:11     | Killed a skeletal warrior
 11240 | D:11     | Reached skill level 15 in Spellcasting
 11988 | D:12     | Found a staircase to the Orcish Mines.
 12389 | D:12     | Noticed a boulder beetle
 12412 | D:12     | Killed a boulder beetle
 12413 | D:12     | Reached skill level 16 in Spellcasting
 12551 | D:12     | Reached skill level 5 in Fighting
 12556 | D:12     | Reached XP level 12. HP: 44/86 MP: 13/32
 12915 | Orc:1    | Entered Level 1 of the Orcish Mines
 12915 | Orc:1    | Found Amirphuhost's Weapon Shop.
 12919 | Orc:1    | Found Ziliumapn's Antique Weapon Shoppe.
 13058 | Orc:1    | Bought 2 throwing nets for 84 gold pieces
 13128 | Orc:2    | Entered Level 2 of the Orcish Mines
 13266 | Orc:2    | Bat corpses vault?
 13322 | Orc:2    | Found a staircase to the Elven Halls.
 13797 | Orc:2    | Noticed Nessos
 14163 | Lair:1   | Killed an eight-headed hydra
 14164 | Lair:1   | Reached skill level 5 in Ice Magic
 14453 | Lair:1   | amulet of reflection
 14718 | Lair:1   | amulet of acrobat in northeast
 14998 | Lair:1   | Noticed Grum
 15008 | Lair:1   | Killed Grum
 15037 | Lair:1   | Slain by a blink frog

Illustrated notes ....h....... ..........# #.........# #.........# #....?....# ##.........# #...)......# #...@....# #..<.....# #.....<..# #........# ##.#...#...# #.###........ .. #####.### ..# .# .# . Turn 3405 on D:6: staff of poison

#.......≈≈≈.......##
..≈...≈≈≈≈≈≈≈...≈..#
.≈≈≈≈≈≈≈≈≈≈≈≈≈≈≈≈≈.####
.≈≈≈≈≈≈≈≈≈≈≈≈≈≈≈≈≈....###
..≈≈≈≈≈≈≈≈≈≈≈≈≈≈≈......8#
..≈≈≈≈≈≈≈≈≈≈≈≈≈≈≈.......##
...≈≈≈≈≈≈≈≈≈≈≈≈≈..._.....#
...≈≈≈≈≈≈≈≈≈≈≈≈≈........8#
...≈≈≈≈≈≈≈≈≈≈≈≈≈@.._.....#
..≈≈≈≈≈≈≈≈≈≈≈≈≈≈≈.......##
..≈≈≈≈≈≈≈≈≈≈≈≈≈≈≈......8#
.≈≈≈≈≈≈≈≈≈≈≈≈≈≈≈≈≈....###
.≈≈≈≈≈≈≈≈≈≈≈≈≈≈≈≈≈.####
..≈...≈≈≈≈≈≈≈...≈..#
#.......≈≈≈.......##
#.......≈≈≈.......##
..._.....≈....._...#


Turn 4496 on Temple: Temple: six-pointed star ........## ......... .........
......... ........# ........# ........### #@Z.##### #ZZ>..... #...########
##.........# #.........####### #........)....... #.........###.... #......)..#
#.... #....)....# #.... Turn 6863 on D:8: +2 boots in northwest #..####..
#...... #... #..... .#... .# #...#...#... .# #........ .. .# #.#+##### #. .#
#.....##..#.##.# #..)..##....P..# #.))..##..♣♣@..# #.....##....P..#
#.....##...♣P..# #.....##..#.#..# #).#####..#..Z.# #..# #. #....# #####.Z# #
#..Z.# ......Z# #...Z# .#.##Z.# #.##.# Turn 8763 on D:10: Lugonu-corrupted
floor. ##...<.......## #..........Z..## ##......#.###...## #.......###.###..##
#......###....##..# #Z.....##.#....#### #.#..###........##
######..####†.†....††## #.#.....###≈...Z@..≈≈≈# ........##≈≈≈)ZZ..≈≈≈≈#
#.#..).###~~≈Z~Z.≈≈...# ##.#....##†~ZZ~≈≈≈~..## #.......##..ZZ≈≈~~..##
##.#..Z.#....Z≈....## ###.....)..#....#### #..)..#....###### ....##..$...# Turn
13266 on Orc:2: Bat corpses vault? #. .... #.# .... #. #.# ....# #. #.# ....#
##.##.##.....# .##......#...# ....#........### .......Z@....... ..#.#..Z#Z###..#
..#...ZZ.Z## ....P.Z.ZZZ# ........ZZ.## ............##### ........Z.......
.......)......## (.................# Turn 14453 on Lair:1: amulet of reflection
#...............# #.............P## #######...#†....###.PP#
##.......#.............. #. #.....Z.####.###...## ##.#.....†## #.# ##Z..#
......ZZZ.## #.# #..## #.....ZZZ..# #.# #Z.# .......@..## #.. ##..# #.........#
..# #...# #....#...## #.# #..Z## #.$.###... ##.Z## #... .#.## ####.... #.. # .#
##Z#...#. #. .##.####.....##Z .##.#.#..Z..###Z #. #.#....Z.####Z Turn 14718 on
Lair:1: amulet of acrobat in northeast

Levels and vault maps discovered:
D:1:      lemuel_arrival_behind_the_door_small, layout_rooms,
          nrook_mini_backslash
D:2:      layout_basic, basic_altar, dreamdust_ecumenical_altar_statues,
          serial_bayou_ford_a
D:3:      layout_basic, serial_shops, shop
D:4:      layout_gridville, zin_purify, tso_metal_star, uniq_duvessa,
          uniq_natasha, uniq_sigmund, uniq_crazy_yiuf_cottage
D:5:      layout_rooms, marbit_many_paths, minmay_temple_entry_from_below_a
D:6:      minmay_spotlight, layout_rooms
D:7:      layout_layer_cave, mainiacjoe_overflow_concentric_impassable,
          uniq_maggie
D:8:      layout_basic, mainiacjoe_overflow_24_doors, minmay_evil_grid,
          uniq_prince_ribbit1
D:9:      layout_loops_corners, mainiacjoe_overflow_catwalk
D:10:     minmay_the_grid_3x3 [minmay_the_grid_stretched_grid,
          minmay_the_grid_eight, minmay_the_grid_box_x, minmay_the_grid_fan,
          minmay_the_grid_x, minmay_the_grid_all_tris,
          minmay_the_grid_minigrid_medium, minmay_the_grid_tri_star,
          minmay_the_grid_prize_inner_circle], layout_stronghold,
          chequers_temple_overflow_statue_of_worship, serial_demonic,
          serial_demonic_c, serial_demonic_f, serial_demonic_e,
          serial_demonic_d, minmay_misc_feat_tower
D:11:     layout_gridville, gammafunk_ghost_abyssal_escape,
          kennysheep_cluttered_room, hangedman_abyss_or_decor_lesser_grid,
          uniq_sonja
D:12:     layout_rooms, david_orc_3
Temple:   nicolae_temple_hex_pool
Lair:1:   layout_loops_ring, dreamdust_gnoll_shepherd,
          infiniplex_staircase_pool, lemuel_fruit_fields, grunt_megastairs_4,
          serial_bayou_shore_b, uniq_grum
Orc:1:    layout_diamond_mine, serial_shops, shop_fountains,
          nicolae_shop_statue_plus, guppyfry_orc_lava_fort
Orc:2:    st_orc_rangers, layout_diamond_mine, mines_bat_river, uniq_nessos

Skill      XL: |  1  2  3  4  5  6  7  8  9 10 11 12 |
---------------+-------------------------------------+-----
Necromancy     | 5 6 7 8 9 |  9.0
Armour         | 1 2 |  2.0
Shields        | 1 2 3 |  3.0
Summonings     | 1 4 |  4.0
Staves         | 2 |  2.0
Spellcasting   | 5 10 13 16 | 16.0
Fighting       | 1 3 4 5 7 |  7.7
Earth Magic    | 2 4 5 |  5.0
Ice Magic      | 3 6 |  6.9
Dodging        | 4 |  4.6
Stealth        | |  1.5

Action                     |  1- 3 |  4- 6 |  7- 9 | 10-12 || total
---------------------------+-------+-------+-------+-------++-------
  Melee: Unarmed           |     9 |       |       |       ||     9
         Dagger            |     8 |    77 |   149 |    76 ||   310
         Staff             |       |       |     9 |       ||     9
         Short sword       |       |       |       |   136 ||   136
  Throw: Dart              |       |       |     2 |       ||     2
         Throwing net      |       |       |     2 |       ||     2
   Cast: Necrotise         |    66 |    44 |   139 |    71 ||   320
         Vampiric Draining |       |     5 |     6 |    26 ||    37
         Animate Dead      |       |     5 |    12 |    13 ||    30
         Call Canine Famil |       |       |     7 |    14 ||    21
         Borgnjor's Vile C |       |       |     4 |    88 ||    92
         Summon Guardian G |       |       |       |     4 ||     4
         Simulacrum        |       |       |       |     8 ||     8
  Evoke: Wand              |       |       |       |     2 ||     2
    Use: Scroll            |     4 |       |     5 |    10 ||    19
   Stab: Sleeping          |       |     2 |       |       ||     2
         Distracted        |       |       |     2 |     3 ||     5
 Armour: Robe              |     3 |       |       |       ||     3
         Leather armour    |    25 |    52 |    37 |       ||   114
         Steam dragon scal |       |       |    52 |   147 ||   199
  Dodge: Dodged            |    31 |    70 |   119 |   163 ||   383
  Block: Buckler           |     5 |    23 |    34 |    76 ||   138
